AoeStats
← Witch

Arena

507566564Analyzed
3v3 RM · 15d ago on Sep 18, 2026· 65m 25s· 6 players
Game mode
Random Map
Map size
Normal (6 player)
Population
200
Speed
Normal
Resources
Standard
Victory
Conquest
Starting age
Dark Age
Ending age
Imperial Age
RankedLock teamsTeams togetherTeam positionsShared explorationLock speedFull tech treeHidden civsTurbo modeCheats
Victory
Defeat
🇫🇷 Burgundians · France
729
+14
🇦🇷 Lithuanians · Argentina
683
+16
🇮🇹 Romans · Italy
619
+17
🇹🇷 Koreans · Türkiye
683
-16
🇪🇸 Magyars · Spain
678
-16
🇹🇷 Spanish · Türkiye
660
-15
vmjboxing
12:35 Feudal Age
13:02 Horse Collar
13:34 Double-Bit Axe
20:32 Castle Age
20:32 Stone Mining
20:48 Gold Mining
21:53 Bloodlines
21:08 Light Cavalry
21:49 Husbandry
22:06 Bow Saw
21:59 Heavy Plow
26:38 Gold Shaft Mining
26:41 Wheelbarrow
26:30 Corvinian Army
29:13 Thumb Ring
29:43 Hand Cart
31:44 Loom
33:33 Town Watch
34:36 Masonry
40:04 Imperial Age
37:37 Town Patrol
38:17 Caravan
38:51 Scale Barding Armor
40:47 Ballistics
40:17 Elite Magyar Huszar
41:17 Murder Holes
42:49 Conscription
43:51 Chain Barding Armor
51:00 Hussar
56:12 Plate Barding Armor
62:05 Crop Rotation
64:05 Elite Skirmisher
Witch
0:32 Loom
11:23 Feudal Age
12:40 Wheelbarrow
11:58 Double-Bit Axe
12:38 Gold Mining
13:15 Stone Mining
17:32 Horse Collar
23:49 Castle Age
27:54 Husbandry
28:13 Hand Cart
28:02 Heavy Plow
28:24 Bow Saw
30:14 Scale Mail Armor
33:31 Forging
36:59 Light Cavalry
39:45 Stone Shaft Mining
39:48 Gold Shaft Mining
38:51 Pikeman
39:31 Squires
41:10 Iron Casting
40:36 Light Cavalry
42:49 Chain Mail Armor
42:40 Scale Barding Armor
47:06 Imperial Age
49:12 Heavy Rocket Cart
60:52 Guilds
60:44 Caravan
Hellim
0:28 Loom
10:47 Feudal Age
12:07 Wheelbarrow
12:15 Double-Bit Axe
18:36 Gold Mining
18:38 Stone Mining
18:31 Horse Collar
21:54 Castle Age
23:37 Hand Cart
26:43 Stone Shaft Mining
26:30 Heavy Plow
26:51 Bow Saw
33:20 Caravan
35:56 Imperial Age
35:12 Bloodlines
35:02 Husbandry
35:08 Squires
34:28 Pikeman
37:53 Town Watch
39:25 Two-Man Saw
38:53 Conscription
39:46 Capped Ram
41:22 Murder Holes
41:38 Masonry
42:29 Chemistry
41:51 Ballistics
41:58 Fortified Wall
41:59 Town Patrol
42:21 Halberdier
42:47 Gambesons
42:47 Arson
43:58 Coinage
45:07 Cavalier
46:50 Hoardings
45:38 Elite Conquistador
47:27 Scale Mail Armor
47:39 Forging
47:36 Scale Barding Armor
47:21 Fletching
47:32 Padded Archer Armor
48:43 Architecture
48:33 Chain Mail Armor
49:06 Banking
51:13 Iron Casting
50:58 Chain Barding Armor
50:34 Bodkin Arrow
52:20 Paladin
60:13 Paladin
Tetra Riom
11:00 Feudal Age
9:25 Double-Bit Axe
11:25 Wheelbarrow
13:29 Arson
14:53 Bow Saw
14:51 Man-at-Arms
15:27 Horse Collar
16:46 Stone Mining
18:29 Hand Cart
18:19 Gold Mining
23:00 Castle Age
21:31 Man-at-Arms
22:24 Scale Barding Armor
22:30 Forging
23:26 Heavy Plow
24:13 Husbandry
24:19 Husbandry
24:38 Squires
25:36 Crop Rotation
28:48 Long Swordsman
29:45 Cavalier
31:36 Two-Man Saw
33:46 Chain Barding Armor
34:57 Fletching
38:01 Town Watch
38:15 Bodkin Arrow
43:31 Burgundian Vineyards
47:59 Imperial Age
49:02 Conscription
49:00 Town Patrol
48:24 Capped Ram
50:32 Treadmill Crane
50:48 Murder Holes
51:32 Plate Barding Armor
51:33 Iron Casting
52:10 Fervor
52:40 Paladin
56:31 Chemistry
58:16 Gold Shaft Mining
58:18 Stone Shaft Mining
58:05 Two-Handed Swordsman
62:34 Ballistics
62:25 Pikeman
63:44 Masonry
63:37 Scale Mail Armor
64:38 Blast Furnace
63:39 Bracer
64:38 Elite Coustillier
ageVG24
12:23 Feudal Age
11:57 Loom
16:47 Castle Age
15:15 Horse Collar
15:22 Double-Bit Axe
17:23 Wheelbarrow
16:46 Gold Mining
17:04 Stone Mining
18:22 Wheelbarrow
17:33 Town Watch
21:13 Heavy Plow
23:47 Hand Cart
24:29 Stone Mining
25:41 Town Patrol
26:59 Stone Shaft Mining
26:42 Bloodlines
26:32 Husbandry
27:19 Forging
27:15 Scale Barding Armor
27:45 Husbandry
29:21 Iron Casting
29:39 Chain Barding Armor
36:48 Imperial Age
35:17 Murder Holes
35:43 Ballistics
35:18 Fletching
37:56 Conscription
38:14 Hoardings
39:12 Caravan
40:43 Chemistry
39:54 Fortified Wall
39:55 Masonry
39:21 Cavalier
41:15 Plate Barding Armor
41:07 Bow Saw
43:26 Paladin
58:30 Bodkin Arrow
58:36 Padded Archer Armor
58:47 Thumb Ring
58:03 Elite Skirmisher
58:11 Elite Skirmisher
58:56 Thumb Ring
iaba
1:01 Loom
13:04 Feudal Age
13:47 Double-Bit Axe
16:11 Town Watch
17:03 Wheelbarrow
18:28 Horse Collar
22:47 Castle Age
20:53 Gold Mining
22:30 Stone Mining
23:50 Bow Saw
23:43 Heavy Plow
28:05 Hand Cart
28:28 Caravan
29:37 Ballistics
28:42 Pikeman
29:28 Squires
31:01 Ballistas
34:13 Man-at-Arms
38:02 Imperial Age
38:05 Heavy Scorpion
38:47 Capped Ram
41:08 Chemistry
40:14 Siege Engineers
39:43 Long Swordsman
40:47 Siege Ram
41:59 Forging
41:50 Scale Mail Armor
47:27 Legionary
49:17 Halberdier
50:34 Conscription
52:11 Gold Shaft Mining
55:00 Crop Rotation
55:09 Iron Casting
54:50 Chain Mail Armor
54:42 Scale Barding Armor
54:02 Elite Centurion
59:30 Blast Furnace
Connection lost

Rejoining the realm…

Still unreachable

The connection could not be restored.

Session expired

The server has moved on; the page needs a fresh start.